| TOP OF THE 1ST |
|
Washington (APP) Nationals batting - Pitching for Missoula Osprey : RHP Jason Maki
|
|
Pitching: RHP Jason Maki
|
|
|
Batting: RHB Steve Kunselman
|
0-0: Ball 1-0: Called Strike 1-1: Ball 2-1: Ground out 5-3 (Groundball, 56S, EV 85.0 MPH)
|
|
Batting: RHB Justin Van Houten
|
0-0: Ball 1-0: Foul Ball, location: 2F 1-1: SOLO HOME RUN (Flyball, 7LD, EV 96.9 MPH), Distance : 367 ft
|
|
Batting: SHB Nolan Carew
|
0-0: Swinging Strike 0-1: Foul Ball, location: 2F 0-2: Strikes out looking
|
|
Batting: SHB Curtis DeLille
|
0-0: Foul Ball, location: 2F 0-1: Swinging Strike 0-2: DOUBLE (Groundball, 3L, EV 106.9 MPH)
|
|
Batting: RHB Vasag Semerjian
|
0-0: Ground out 6-3 (Groundball, 6, EV 107.5 MPH)
|
| Top of the 1st over - 1 run, 2 hits, 0 errors, 1 left on base; Washington (APP) 1 - Missoula 0 |
| BOTTOM OF THE 1ST |
|
Missoula Osprey batting - Pitching for Washington (APP) Nationals : RHP Luke Cook
|
|
Pitching: RHP Luke Cook
|
|
|
Batting: RHB Mike Smith
|
0-0: Ball 1-0: Ball 2-0: Foul Ball, location: 2F 2-1: Swinging Strike 2-2: Ball 3-2: Foul Ball, location: 2F 3-2: Strikes out swinging
|
|
Batting: RHB Hector Tabares
|
0-0: Called Strike 0-1: Ball 1-1: Ball 2-1: Foul Ball, location: 2F 2-2: Ball 3-2: Ground out 6-3 (Groundball, 56, EV 85.0 MPH)
|
|
Batting: LHB Danny Salas
|
0-0: Ball 1-0: Called Strike 1-1: Swinging Strike 1-2: Foul Ball, location: 2F 1-2: Ball 2-2: Strikes out swinging
|
| Bottom of the 1st over - 0 runs, 0 hits, 0 errors, 0 left on base; Washington (APP) 1 - Missoula 0 |
| TOP OF THE 2ND |
|
Washington (APP) Nationals batting - Pitching for Missoula Osprey : RHP Jason Maki
|
|
Batting: RHB Charlie Iacovone
|
0-0: Called Strike 0-1: Ball 1-1: Foul Ball, location: 2F 1-2: Strikes out swinging
|
|
Batting: RHB Alex Martinez
|
0-0: Called Strike 0-1: Called Strike 0-2: Ball 1-2: Foul Ball, location: 2F 1-2: Ball 2-2: Foul Ball, location: 2F 2-2: Ball 3-2: Strikes out swinging
|
|
Batting: RHB Aaron Bateman
|
0-0: Ball 1-0: Called Strike 1-1: Ball 2-1: Called Strike 2-2: Ball 3-2: Base on Balls
|
|
Batting: RHB Chad Madsen
|
0-0: SINGLE (Groundball, 5S, EV 70.6 MPH) (infield hit) Aaron Bateman to second
|
|
Batting: RHB Steve Kunselman
|
0-0: Foul Ball, location: 2F 0-1: Ball 1-1: Ball 2-1: Ball 3-1: Called Strike 3-2: Base on Balls Aaron Bateman to third Chad Madsen to second
|
|
Batting: RHB Justin Van Houten
|
0-0: Swinging Strike 0-1: Called Strike 0-2: Ball 1-2: Foul Ball, location: 2F 1-2: Foul Ball, location: 2F 1-2: Foul Ball, location: 2F 1-2: Fielders Choice at 2nd, 5-4 (Groundball, 56, EV 105.0 MPH)
|
| Top of the 2nd over - 0 runs, 1 hit, 0 errors, 3 left on base; Washington (APP) 1 - Missoula 0 |
| BOTTOM OF THE 2ND |
|
Missoula Osprey batting - Pitching for Washington (APP) Nationals : RHP Luke Cook
|
|
Batting: LHB Nelson Pelico
|
0-0: Called Strike 0-1: Swinging Strike 0-2: Ball 1-2: SINGLE (Groundball, 34D, EV 106.2 MPH)
|
|
Batting: RHB Claude Leduc
|
0-0: Ball 1-0: Fly out, F7 (Flyball, 7, EV 76.9 MPH)
|
|
Batting: RHB Jose Cuellar
|
0-0: Ball 1-0: Ball 2-0: Called Strike 2-1: Ball 3-1: Foul Ball, location: 2F 3-2: Foul Ball, location: 2F 3-2: Foul Ball, location: 2F 3-2: Foul Ball, location: 2F 3-2: SINGLE (Groundball, 34, EV 87.5 MPH) (infield hit) Nelson Pelico to second
|
|
Batting: RHB David Powell
|
0-0: Foul Ball, location: 2F 0-1: Called Strike 0-2: Ball 1-2: Foul Ball, location: 2F 1-2: Strikes out looking
|
|
Batting: RHB Juan Mejia
|
0-0: Ball 1-0: Ball 2-0: Called Strike 2-1: SINGLE (Line Drive, 56, EV 99.4 MPH) Nelson Pelico to third Jose Cuellar to second Runner from 3rd tries for Home, SAFE, throw by LF to home
|
|
Batting: RHB Dave Beerman
|
0-0: Ball 1-0: Called Strike 1-1: Foul Ball, location: 2F 1-2: Fly out, F7 (Flyball, 78S, EV 96.9 MPH)
|
| Bottom of the 2nd over - 1 run, 3 hits, 0 errors, 2 left on base; Washington (APP) 1 - Missoula 1 |
| TOP OF THE 3RD |
|
Washington (APP) Nationals batting - Pitching for Missoula Osprey : RHP Jason Maki
|
|
Batting: SHB Nolan Carew
|
0-0: Ball 1-0: Called Strike 1-1: Ball 2-1: Ball 3-1: Base on Balls
|
|
Batting: SHB Curtis DeLille
|
0-0: Called Strike 0-1: Called Strike 0-2: Ball 1-2: Ball Nolan Carew steals 2nd base 2-2: Foul Ball, location: 2F 2-2: Ball 3-2: Ground out 3-1 (Groundball, 34, EV 90.6 MPH) Nolan Carew to third
|
|
Batting: RHB Vasag Semerjian
|
0-0: Ground out 3-1 (Groundball, 3L, EV 103.1 MPH) Nolan Carew scores
|
|
Batting: RHB Charlie Iacovone
|
0-0: Foul Ball, location: 2F 0-1: Reached on error, E4 (Groundball, 4S, EV 86.2 MPH)
|
|
Batting: RHB Alex Martinez
|
0-0: Fielders Choice at 2nd, 6-4 (Groundball, 6, EV 100.6 MPH)
|
| Top of the 3rd over - 1 run, 0 hits, 1 error, 1 left on base; Washington (APP) 2 - Missoula 1 |
| BOTTOM OF THE 3RD |
|
Missoula Osprey batting - Pitching for Washington (APP) Nationals : RHP Luke Cook
|
|
Batting: RHB Mike Smith
|
0-0: Called Strike 0-1: Ball 1-1: Swinging Strike 1-2: Ball 2-2: Ball 3-2: Fly out, F8 (Flyball, 8RM, EV 92.5 MPH)
|
|
Batting: RHB Hector Tabares
|
0-0: Ground out 4-3 (Groundball, 4S, EV 78.8 MPH)
|
|
Batting: LHB Danny Salas
|
0-0: Called Strike 0-1: Ball 1-1: Swinging Strike 1-2: Ball 2-2: Strikes out swinging
|
| Bottom of the 3rd over - 0 runs, 0 hits, 0 errors, 0 left on base; Washington (APP) 2 - Missoula 1 |
| TOP OF THE 4TH |
|
Washington (APP) Nationals batting - Pitching for Missoula Osprey : RHP Jason Maki
|
|
Batting: RHB Aaron Bateman
|
0-0: Called Strike 0-1: Called Strike 0-2: DOUBLE (Line Drive, 9LS, EV 104.4 MPH)
|
|
Batting: RHB Chad Madsen
|
0-0: Called Strike 0-1: Ball 1-1: Ground out 5-3 (Groundball, 56, EV 83.1 MPH)
|
|
Batting: RHB Steve Kunselman
|
0-0: Foul Ball, location: 2F 0-1: Ground out U3 (Groundball, 34, EV 85.6 MPH) Aaron Bateman to third
|
|
Batting: RHB Justin Van Houten
|
0-0: Ground out 6-3 (Groundball, 56, EV 96.2 MPH)
|
| Top of the 4th over - 0 runs, 1 hit, 0 errors, 1 left on base; Washington (APP) 2 - Missoula 1 |
| BOTTOM OF THE 4TH |
|
Missoula Osprey batting - Pitching for Washington (APP) Nationals : RHP Luke Cook
|
|
Batting: LHB Nelson Pelico
|
0-0: Foul Ball, location: 2F 0-1: Ball 1-1: Ball 2-1: Swinging Strike 2-2: Foul Ball, location: 2F 2-2: Foul Ball, location: 2F 2-2: Ball 3-2: Ground out U3 (Groundball, 3S, EV 65.0 MPH)
|
|
Batting: RHB Claude Leduc
|
0-0: Ball 1-0: Foul Ball, location: 2F 1-1: Ball 2-1: Ground out U3 (Groundball, 3S, EV 70.0 MPH)
|
|
Batting: RHB Jose Cuellar
|
0-0: Ball 1-0: Fly out, F8 (Line Drive, 8LM, EV 98.1 MPH)
|
| Bottom of the 4th over - 0 runs, 0 hits, 0 errors, 0 left on base; Washington (APP) 2 - Missoula 1 |
| TOP OF THE 5TH |
|
Washington (APP) Nationals batting - Pitching for Missoula Osprey : RHP Jason Maki
|
|
Batting: SHB Nolan Carew
|
0-0: Ball 1-0: Ball 2-0: Foul Ball, location: 2F 2-1: Foul Ball, location: 2F 2-2: Strikes out swinging
|
|
Batting: SHB Curtis DeLille
|
0-0: Foul Ball, location: 2F 0-1: Ball 1-1: Ball 2-1: Swinging Strike 2-2: Ball 3-2: DOUBLE (Groundball, 3L, EV 103.1 MPH)
|
|
Batting: RHB Vasag Semerjian
|
0-0: Swinging Strike 0-1: Foul Ball, location: 2F 0-2: Ball 1-2: Strikes out swinging
|
|
Batting: RHB Charlie Iacovone
|
0-0: Called Strike 0-1: Ball 1-1: Foul Ball, location: 2F 1-2: Ball 2-2: Strikes out looking
|
| Top of the 5th over - 0 runs, 1 hit, 0 errors, 1 left on base; Washington (APP) 2 - Missoula 1 |
| BOTTOM OF THE 5TH |
|
Missoula Osprey batting - Pitching for Washington (APP) Nationals : RHP Luke Cook
|
|
Batting: RHB David Powell
|
0-0: Ball 1-0: Ball 2-0: Swinging Strike 2-1: Foul Ball, location: 2F 2-2: Foul Ball, location: 2F 2-2: Strikes out looking
|
|
Batting: RHB Juan Mejia
|
0-0: Ball 1-0: Called Strike 1-1: Called Strike 1-2: Strikes out swinging
|
|
Batting: RHB Dave Beerman
|
0-0: Called Strike 0-1: Called Strike 0-2: Ball 1-2: Ball 2-2: Ball 3-2: Base on Balls
|
|
Pitching: RHP Cheng-ho Tai
|
|
|
Batting: RHB Mike Smith
|
0-0: Ball 1-0: Ball 2-0: Called Strike 2-1: Ball 3-1: Foul Ball, location: 2F 3-2: Foul Ball, location: 2F 3-2: Base on Balls Dave Beerman to second
|
|
Batting: RHB Hector Tabares
|
0-0: Foul Ball, location: 2F 0-1: Ground out 2-3 (Groundball, 15S, EV 64.4 MPH)
|
| Bottom of the 5th over - 0 runs, 0 hits, 0 errors, 2 left on base; Washington (APP) 2 - Missoula 1 |
| TOP OF THE 6TH |
|
Washington (APP) Nationals batting - Pitching for Missoula Osprey : RHP Jason Maki
|
|
Batting: RHB Alex Martinez
|
0-0: Ball 1-0: Called Strike 1-1: Foul Ball, location: 2F 1-2: Ball 2-2: Ball 3-2: Foul Ball, location: 2F 3-2: Foul Ball, location: 2F 3-2: Strikes out looking
|
|
Batting: RHB Aaron Bateman
|
0-0: Ball 1-0: Ball 2-0: SINGLE (Line Drive, 78S, EV 108.1 MPH)
|
|
Batting: RHB Chad Madsen
|
0-0: Fielders Choice at 2nd, 6-4 (Groundball, 6, EV 91.2 MPH)
|
|
Batting: RHB Steve Kunselman
|
0-0: Ball 1-0: Called Strike 1-1: Foul Ball, location: 2F 1-2: SINGLE (Groundball, 6MS, EV 74.4 MPH) (infield hit) Chad Madsen to second
|
|
Batting: RHB Justin Van Houten
|
0-0: Foul Ball, location: 2F 0-1: Ball 1-1: Called Strike 1-2: Foul Ball, location: 2F 1-2: Strikes out looking
|
| Top of the 6th over - 0 runs, 2 hits, 0 errors, 2 left on base; Washington (APP) 2 - Missoula 1 |
| BOTTOM OF THE 6TH |
|
Missoula Osprey batting - Pitching for Washington (APP) Nationals : RHP Cheng-ho Tai
|
|
Batting: LHB Danny Salas
|
0-0: Ball 1-0: Ball 2-0: Ground out 1-3 (Groundball, 13, EV 68.8 MPH)
|
|
Batting: LHB Nelson Pelico
|
0-0: Ball 1-0: Ground out 4-3 (Groundball, 4, EV 85.0 MPH)
|
|
Batting: RHB Claude Leduc
|
0-0: Fly out, F4 (Line Drive, 4, EV 65.6 MPH)
|
| Bottom of the 6th over - 0 runs, 0 hits, 0 errors, 0 left on base; Washington (APP) 2 - Missoula 1 |
| TOP OF THE 7TH |
|
Washington (APP) Nationals batting - Pitching for Missoula Osprey : RHP Jason Maki
|
|
Pitching: RHP Javier Rosales
|
|
|
Batting: SHB Nolan Carew
|
0-0: Called Strike 0-1: Ball 1-1: Foul Ball, location: 2F 1-2: Strikes out looking
|
|
Batting: SHB Curtis DeLille
|
0-0: Swinging Strike 0-1: Called Strike 0-2: Ball 1-2: Strikes out swinging
|
|
Batting: RHB Vasag Semerjian
|
0-0: Foul Ball, location: 2F 0-1: Hit by Pitch
|
|
Batting: RHB Charlie Iacovone
|
0-0: SINGLE (Line Drive, 4D, EV 106.9 MPH) Vasag Semerjian to second Runner from 2nd tries for 3rd, OUT! 9-5
|
| Top of the 7th over - 0 runs, 1 hit, 0 errors, 1 left on base; Washington (APP) 2 - Missoula 1 |
| BOTTOM OF THE 7TH |
|
Missoula Osprey batting - Pitching for Washington (APP) Nationals : RHP Cheng-ho Tai
|
|
Batting: RHB Jose Cuellar
|
0-0: Swinging Strike 0-1: SINGLE (Groundball, 4MD, EV 107.5 MPH)
|
|
Batting: RHB David Powell
|
0-0: Swinging Strike 0-1: Ball 1-1: Called Strike 1-2: Ball 2-2: Strikes out swinging
|
|
Pinch Hitting: LHB Ron Mills
|
0-0: Called Strike 0-1: Ball 1-1: SINGLE (Line Drive, 4MD, EV 105.6 MPH) Jose Cuellar to second
|
|
Pitching: RHP Michael Bastian
|
|
|
Pinch Hitting: RHB Edwin Romero
|
0-0: Foul Ball, location: 2F 0-1: Ball 1-1: Called Strike 1-2: Ball 2-2: Ball 3-2: Base on Balls Jose Cuellar to third Ron Mills to second
|
|
Batting: RHB Mike Smith
|
0-0: Called Strike 0-1: GRAND SLAM HOME RUN (Flyball, 78XD, EV 98.1 MPH), Distance : 403 ft
|
|
Batting: RHB Hector Tabares
|
0-0: Ball 1-0: Called Strike 1-1: Ball 2-1: Ball 3-1: Swinging Strike 3-2: Base on Balls
|
|
Batting: LHB Danny Salas
|
0-0: Ball 1-0: Ball Pickoff Throw to First - Out! 1-3 CS 2-0: Swinging Strike 2-1: Foul Ball, location: 2F 2-2: Fly out, F8 (Flyball, 8RD, EV 80.6 MPH)
|
| Bottom of the 7th over - 4 runs, 3 hits, 0 errors, 0 left on base; Washington (APP) 2 - Missoula 5 |
| TOP OF THE 8TH |
|
Washington (APP) Nationals batting - Pitching for Missoula Osprey : RHP Javier Rosales
|
|
Now at 1B: Chris Jones
|
|
|
Now in RF: Ron Mills
|
|
|
Batting: RHB Alex Martinez
|
0-0: Ball 1-0: Ball 2-0: Swinging Strike 2-1: Fly out, F8 (Line Drive, 8RM, EV 90.0 MPH)
|
|
Batting: RHB Aaron Bateman
|
0-0: Foul Ball, location: 2F 0-1: Ball 1-1: Foul Ball, location: 2F 1-2: Ball 2-2: Ground out 4-3 (Groundball, 4, EV 93.8 MPH)
|
|
Batting: RHB Chad Madsen
|
0-0: Ball 1-0: Swinging Strike 1-1: Ball 2-1: SINGLE (Groundball, 4D, EV 101.9 MPH)
|
|
Batting: RHB Steve Kunselman
|
0-0: Ball 1-0: Called Strike 1-1: Ball 2-1: Ball 3-1: Foul Ball, location: 2F 3-2: Foul Ball, location: 2F 3-2: Base on Balls Chad Madsen to second
|
|
Batting: RHB Justin Van Houten
|
0-0: Foul Ball, location: 2F 0-1: Ball 1-1: Hit by Pitch Chad Madsen to third Steve Kunselman to second
|
|
Batting: SHB Nolan Carew
|
0-0: Called Strike 0-1: Foul Ball, location: 2F 0-2: Ball 1-2: Ball 2-2: Foul Ball, location: 2F 2-2: Strikes out swinging
|
| Top of the 8th over - 0 runs, 1 hit, 0 errors, 3 left on base; Washington (APP) 2 - Missoula 5 |
| BOTTOM OF THE 8TH |
|
Missoula Osprey batting - Pitching for Washington (APP) Nationals : RHP Michael Bastian
|
|
Batting: LHB Nelson Pelico
|
0-0: Ball 1-0: Ball 2-0: Ball 3-0: Called Strike 3-1: Fly out, F7 (Flyball, 78D, EV 89.4 MPH)
|
|
Pitching: RHP Johnny Hallamore
|
|
|
Batting: RHB Claude Leduc
|
0-0: Ball 1-0: Foul Ball, location: 2F 1-1: Ground out 6-3 (Groundball, 6M, EV 84.4 MPH)
|
|
Batting: RHB Jose Cuellar
|
0-0: Called Strike 0-1: Foul Ball, location: 2F 0-2: Foul Ball, location: 2F 0-2: Strikes out swinging
|
| Bottom of the 8th over - 0 runs, 0 hits, 0 errors, 0 left on base; Washington (APP) 2 - Missoula 5 |
| TOP OF THE 9TH |
|
Washington (APP) Nationals batting - Pitching for Missoula Osprey : RHP Javier Rosales
|
|
Pitching: RHP Ramiz JambakurIan
|
|
|
Batting: SHB Curtis DeLille
|
0-0: Ball 1-0: Ball 2-0: Called Strike 2-1: Ball 3-1: Foul Ball, location: 2F 3-2: Strikes out looking
|
|
Batting: RHB Vasag Semerjian
|
0-0: Fly out, F7 (Flyball, 78S, EV 91.9 MPH)
|
|
Pinch Hitting: SHB Fernando Fundora
|
0-0: SINGLE (Groundball, 5S, EV 72.5 MPH) (infield hit)
|
|
Pinch Hitting: LHB Mike Hamilton
|
0-0: Ball 1-0: Ball 2-0: Swinging Strike 2-1: SINGLE (Line Drive, 6D, EV 95.6 MPH) Fernando Fundora to second
|
|
Batting: RHB Aaron Bateman
|
0-0: Ball 1-0: Foul Ball, location: 2F 1-1: Foul Ball, location: 2F 1-2: Foul Ball, location: 2F 1-2: Foul Ball, location: 2F 1-2: Ball 2-2: Ground out 5-3 (Groundball, 15, EV 90.0 MPH)
|
| Top of the 9th over - 0 runs, 2 hits, 0 errors, 2 left on base; Washington (APP) 2 - Missoula 5 |
|